 Dungeon Crawl Stone Soup version 0.24.1-14-gf8d2b509d9 (webtiles) character file.

Game seed: 15409659040110193678, levelgen mode: deterministic

5448 Gabide the Grappler (level 10, -1/81 HPs)
             Began as a Ghoul Monk on May 25, 2020.
             Was a Follower of Uskayaw.
             Slain by a troll (7 damage)
             ... on level 9 of the Dungeon.
             The game lasted 00:25:04 (9275 turns).

Gabide the Grappler (Ghoul Monk)                    Turns: 9275, Time: 00:25:05

Health: -1/81      AC:  6    Str: 19    XL:     10   Next: 68%
Magic:  9/9        EV: 13    Int:  7    God:    Uskayaw [*.....]
Gold:   422        SH:  0    Dex: 11    Spells: 9/9 levels left

rFire    . . .     SeeInvis .     - Unarmed
rCold    + . .     Gourm    .   (no shield)
rNeg     + + +     Faith    .   k - +1 leather armour of Qipaa {Int+2 Stlth+} (curse)
rPois    ∞         Spirit   .   (no helmet)
rElec    .         Reflect  .   (no cloak)
rCorr    .         Harm     .   (no gloves)
MR       +....                  j - +1 pair of boots
Stlth    +++.......             (no amulet)
HPRegen  0.00/turn              n - ring of protection from magic
MPRegen  0.11/turn              (no ring)

@: rotting
A: rotting body, claws 1, carnivore, cold resistance 1, negative energy
resistance 3, inhibited regeneration, torment resistance, unbreathing
a: Stomp, Renounce Religion


You were on level 9 of the Dungeon.
You worshipped Uskayaw.
Uskayaw was noncommittal.
You were not hungry.

You visited 1 branch of the dungeon, and saw 9 of its levels.
You also visited: Sewer.

You collected 422 gold pieces.

Inventory:

Missiles
 f - 3 throwing nets (quivered)
Armour
 a - a +0 robe
 j - a +1 pair of boots (worn)
 k - the cursed +1 leather armour of Qipaa (worn) {Int+2 Stlth+}
   (You found it on level 4 of the Dungeon)

   It affects your intelligence (+2).
   It makes you more stealthy.
   It has a curse placed upon it.
 l - a +0 ring mail
 s - a +0 crystal plate armour
Jewellery
 n - a ring of protection from magic (left claw)
Wands
 o - a wand of flame (38)
 x - a wand of polymorph (2)
Scrolls
 e - 7 scrolls of remove curse
 m - 2 scrolls of blinking
 t - 2 scrolls of identify
 w - a scroll of fog
Potions
 c - a potion of brilliance {unknown}
 d - 5 potions of flight {unknown}
 g - a potion of lignification {unknown}
 h - a potion of haste {unknown}
 i - 6 potions of heal wounds {unknown}
 r - a potion of agility {unknown}
 u - a potion of berserk rage {unknown}
Comestibles
 b - 12 rations
 p - 21 chunks of flesh


   Skills:
 + Level 5.1 Fighting
 * Level 4.3 Armour
 + Level 4.9 Dodging
 - Level 4.1 Stealth
 * Level 14.1 Unarmed Combat


You had 9 spell levels left.
You didn't know any spells.
Your spell library contained the following spells:

 Spells                   Type           Power        Failure   Level  Hunger
 Animate Skeleton         Necr           N/A          47%         1    ##.....
 Magic Dart               Conj           #...         47%         1    ##.....
 Pain                     Necr           #...         47%         1    ##.....
 Shock                    Conj/Air       #...         47%         1    ##.....
 Blink                    Tloc           N/A          63%         2    ###....
 Call Imp                 Summ           #.......     63%         2    ###....
 Slow                     Hex            #.......     63%         2    ###....
 Swiftness                Chrm/Air       #.......     63%         2    ###....
 Conjure Flame            Conj/Fire      #.......     85%         3    ####...
 Mephitic Cloud           Conj/Pois/Air  #.......     85%         3    ####...
 Regeneration             Chrm/Necr      #.........   85%         3    ####...
 Static Discharge         Conj/Air       #.......     85%         3    ####...
 Vampiric Draining        Necr           #.........   85%         3    ####...
 Airstrike                Air            #.........   99%         4    #####..
 Animate Dead             Necr           N/A          99%         4    #####..
 Lightning Bolt           Conj/Air       #.........   100%        5    ######.


Dungeon Overview and Level Annotations

Branches:
Dungeon (9/15)             Temple (0/1) D:6            Lair (0/6) D:8
    Orc (0/2) D:9           Sewer (visited)

Altars:
Dithmenos
Fedhas
Kikubaaqudgha
Nemelex Xobeh
Uskayaw
Wu Jian
Yredelemnul
The Shining One

Shops:
D:6 *


Innate Abilities, Weirdness & Mutations

Your body is rotting away.
You thrive on raw meat.
You are immune to poison.
You have sharp fingernails.
You are carnivorous and can eat meat at any time.
Your flesh is cold resistant. (rC+)
You are immune to negative energy. (rN+++)
You do not regenerate when monsters are visible.
You are immune to unholy pain and torment.
You can survive without breathing.


Message History

You feel more resilient.
This raw flesh tastes great!
There is an open door here.
The troll shouts!
The troll is too close now for your liking.
There is an open door here.
The troll bites you! The troll claws you! x2
You claw the troll!
The troll is moderately wounded.
Okay, then.
You claw the troll!
The troll is heavily wounded.
The troll bites you! The troll barely misses you. The troll claws you.
You barely miss the troll. You claw the troll!
The troll is severely wounded.
The troll bites you!
* * * LOW HITPOINT WARNING * * *
The troll claws you!
* * * LOW HITPOINT WARNING * * *
The troll claws you!
You die...

#....# #...# #####.8..
################# #.._.
...#.......## #.8.8
##.#.####...# ##...
...#.#......############
####
####.#.#....#....##....#
.....#.#.#'##....##....#
.#####.#.#.##....##....#
<......#.#..'..T@'.....#
...)).##.####....###'###
.........##.....## #.#
##.##.####......# #.#
####### ......# #......#
#.###.....#### ##.#..#
#.)....# #.........'.÷.
...#..####......#
#####.....####
####...))...###.#
#.....# # #.#..))......#
#.....#


You could see a troll.

Vanquished Creatures
  Prince Ribbit (D:9)
  Grinder (D:4)
  Sigmund (D:6)
  3 yaks (D:9)
  2 hungry ghosts
  3 water moccasins (D:6)
  2 orc warriors
  5 sky beasts
  An ice beast (D:8)
  A necrophage (D:9)
  An ogre (D:9)
  A centaur (D:9)
  A crocodile (D:7)
  Blork the orc (D:6)
  A big kobold (Sewer)
  3 bullfrogs
  A wyvern skeleton (D:6)
  5 scorpions
  8 wights
  2 electric eels (D:8)
  6 howler monkeys
  2 crimson imps
  A quasit (D:5)
  2 centaur skeletons
  A centaur zombie (D:9)
  2 hounds
  5 jellies
  6 orc wizards
  8 orc priests
  3 bullfrog skeletons
  A gnoll shaman (D:4)
  Jessica (D:3)
  2 iguanas (D:6)
  6 worker ants
  A hound zombie (D:7)
  3 worker ant zombies
  8 gnolls
  3 river rats (Sewer)
  8 adders
  A shadow imp (D:6)
  3 oozes
  An adder skeleton (D:6)
  3 worms (D:3)
  2 dart slugs (D:3)
  3 leopard geckos
  60 orcs
  6 bats
  11 giant cockroaches
  9 hobgoblins
  5 jackals
  6 quokkas
  A ball python (D:2)
  9 frilled lizards
  8 goblins
  A jackal skeleton (D:4)
  16 kobolds
  2 quokka zombies
  10 rats
270 creatures vanquished.

Notes
Turn   | Place    | Note
-------+----------+-------------------------------------------
     0 | D:1      | Gabide the Ghoul Monk began the quest for the Orb.
     0 | D:1      | Reached XP level 1. HP: 19/19 MP: 0/0
    62 | D:1      | Reached XP level 2. HP: 7/26 MP: 1/1
   397 | D:1      | Reached XP level 3. HP: 15/33 MP: 2/2
   618 | D:1      | Reached skill level 4 in Unarmed Combat
  1064 | D:2      | Reached XP level 4. HP: 39/40 MP: 3/3
  1273 | D:2      | Found an ornate altar of the Wu Jian Council.
  1273 | D:2      | Found a hide-covered altar of Uskayaw.
  1274 | D:2      | Found a basalt altar of Yredelemnul.
  1280 | D:2      | Became a worshipper of Uskayaw the Reveler
  1280 | D:2      | Reached * piety under Uskayaw
  1751 | D:3      | Reached ** piety under Uskayaw
  1764 | D:3      | Reached *** piety under Uskayaw
  1799 | D:3      | Noticed Jessica
  1818 | D:3      | Reached skill level 5 in Unarmed Combat
  1828 | D:3      | Reached XP level 5. HP: 14/46 MP: 0/4
  1835 | D:3      | Reached **** piety under Uskayaw
  1837 | D:3      | Killed Jessica
  2137 | D:3      | Found a blossoming altar of Fedhas.
  2152 | D:3      | Found a glowing drain.
  2170 | Sewer    | Entered a sewer
  2475 | Sewer    | Noticed a big kobold
  2527 | Sewer    | Killed a big kobold
  2527 | Sewer    | Reached skill level 6 in Unarmed Combat
  2527 | Sewer    | Reached XP level 6. HP: 19/52 MP: 5/5
  2811 | Sewer    | Found a white marble altar of Elyvilon.
  3286 | D:4      | Noticed Grinder
  3299 | D:4      | Paralysed by Grinder for 5 turns
  3317 | D:4      | Killed Grinder
  3317 | D:4      | Reached skill level 1 in Armour
  3317 | D:4      | Reached skill level 7 in Unarmed Combat
  3317 | D:4      | Reached XP level 7. HP: 17/59 MP: 6/6
  3633 | D:4      | Got a faintly humming leather armour
  3644 | D:4      | Identified the cursed +1 leather armour of Qipaa {Int+2
                  | Stlth+} (You found it on level 4 of the Dungeon)
  4007 | D:5      | Entered Level 5 of the Dungeon
  4068 | D:5      | Noticed a hungry ghost
  4076 | D:5      | Killed a hungry ghost
  4091 | D:5      | Reached skill level 8 in Unarmed Combat
  4200 | D:5      | Reached XP level 8. HP: 29/65 MP: 7/7
  4689 | D:5      | Reached skill level 9 in Unarmed Combat
  5036 | D:6      | Reached skill level 10 in Unarmed Combat
  5302 | D:6      | Reached XP level 9. HP: 72/72 MP: 8/8
  5400 | D:6      | Noticed Sigmund
  5415 | D:6      | Killed Sigmund
  5649 | D:6      | Found a staircase to the Ecumenical Temple.
  5671 | D:6      | Noticed Blork the orc
  5679 | D:6      | Killed Blork the orc
  5679 | D:6      | Reached skill level 11 in Unarmed Combat
  5951 | D:6      | Found Xycaituv's Serpentskin Sales.
  6272 | D:7      | Reached skill level 12 in Unarmed Combat
  7131 | D:8      | Reached XP level 10. HP: 80/80 MP: 9/9
  7172 | D:8      | Reached skill level 5 in Fighting
  7454 | D:8      | Found a staircase to the Lair.
  7462 | D:8      | Reached skill level 13 in Unarmed Combat
  8348 | D:9      | Noticed Prince Ribbit
  8353 | D:9      | Killed Prince Ribbit
  8422 | D:9      | Found an ancient bone altar of Kikubaaqudgha.
  8425 | D:9      | Found a glowing golden altar of the Shining One.
  8428 | D:9      | Found a sparkling altar of Nemelex Xobeh.
  8438 | D:9      | Found a shadowy altar of Dithmenos.
  8768 | D:9      | Found a staircase to the Orcish Mines.
  9153 | D:9      | Reached skill level 14 in Unarmed Combat
  9275 | D:9      | Slain by a troll

Levels and vault maps discovered:
D:1:      lightli_molten_gateway, layout_basic
D:2:      layout_basic, gammafunk_temple_overflow_claw, first_ration
D:3:      layout_rooms, old_standard_altar, portal_sewer_entry_f, uniq_jessica
D:4:      layout_rooms, uniq_grinder
D:5:      layout_basic
D:6:      layout_gridville, minmay_temple_entry_sparse_star,
          guppyfry_shop_venom, uniq_blork_the_orc, uniq_sigmund
D:7:      layout_layer_cave
D:8:      layout_basic, lair_entry_dummy
D:9:      layout_basic, grunt_temple_overflow_cloverleaf, hiddenorc1_lemuel,
          uniq_prince_ribbit1

Skill      XL: |  1  2  3  4  5  6  7  8  9 10 |
---------------+-------------------------------+-----
Dodging        | 3 4 |  4.9
Unarmed Combat | 4 5 6 7 8 10 12 14 | 14.1
Stealth        | 3 4 |  4.1
Fighting       | 4 5 |  5.1
Armour         | 1 2 3 4 |  4.3

Action                   |  1- 3 |  4- 6 |  7- 9 | 10-12 || total
-------------------------+-------+-------+-------+-------++-------
Melee: Unarmed           |   114 |   250 |   327 |   179 ||   870
       Punch             |       |     9 |    18 |    11 ||    38
Invok: Stomp             |       |     3 |     3 |     2 ||     8
       Line Pass         |       |       |       |     1 ||     1
  Use: Scroll            |       |     6 |     7 |     4 ||    17
       Potion            |       |     3 |     2 |     1 ||     6
 Stab: Sleeping          |     6 |     3 |    20 |     3 ||    32
       Paralysed         |       |     2 |    10 |     9 ||    21
       Distracted        |       |       |     1 |     1 ||     2
  Eat: Chunk             |     1 |     7 |    16 |    13 ||    37
Armor: Robe              |    20 |    32 |       |       ||    52
       Ring mail         |       |    10 |     9 |       ||    19
       Leather armour    |       |       |    49 |    41 ||    90
Dodge: Dodged            |    65 |   146 |   162 |   100 ||   473
